 Dungeon Crawl Stone Soup version 0.25-a0-731-g0472a16d6a (webtiles) character file.

Game seed: 16649605919862607051, levelgen mode: deterministic

83405 kae the Black Belt (level 15, -13/134 HPs)
             Began as a Grey Draconian Transmuter on Apr 8, 2020.
             Was the Champion of Wu Jian.
             Mangled by a vault guard simulacrum (36 damage)
             ... animated by a necromancer
             ... on level 13 of the Dungeon.
             The game lasted 00:34:40 (30823 turns).

kae the Black Belt (Grey Draconian Transmuter)     Turns: 30823, Time: 00:34:40

Health: -13/134    AC: 19    Str: 27    XL:     15   Next: 32%
Magic:  25/30      EV: 16    Int: 16    God:    Wu Jian [******]
Gold:   1397       SH:  0    Dex: 15    Spells: 21/36 levels left

rFire    . . .     SeeInvis .     - Unarmed
rCold    . . .     Gourm    +   (shield currently unavailable)
rNeg     . . .     Faith    .   (armour unavailable)
rPois    .         Spirit   .   D - +2 hat {MR+}
rElec    .         Reflect  .   o - +2 cloak
rCorr    .         Harm     .   (gloves currently unavailable)
MR       ++...                  (no boots)
Stlth    ++........             N - amulet "Wauttenk" {Gourm Str+4 Stlth+}
HPRegen  0.32/turn              W - +4 ring of strength
MPRegen  0.22/turn              S - +6 ring of strength

@: blade hands
A: walk through water, unfitting armour, unbreathing, cold-blooded, AC +14
a: End Transformation, Wall Jump, Serpent's Lash, Heavenly Storm, Renounce
Religion


You were on level 13 of the Dungeon.
You worshipped Wu Jian.
Wu Jian was exalted by your worship.
You were very full.
You had blades for hands.
You visited 3 branches of the dungeon, and saw 20 of its levels.
You also visited: Ossuary, Bailey and Ice Cave.

You collected 1463 gold pieces.
You spent 66 gold pieces at shops.

Inventory:

Missiles
 a - 454 arrows
Armour
 o - a +2 cloak (worn)
 u - a +2 pair of gloves (melded)
 z - a +1 buckler of reflection
 D - a +2 hat of magic resistance (worn)
Jewellery
 d - a +4 amulet of reflection
 m - an uncursed ring of magical power
 G - a +3 ring of intelligence
 M - an uncursed amulet of rage
 N - the amulet "Wauttenk" (around neck) {Gourm Str+4 Stlth+}
   (You found it in an ice cave)

   [amulet of the gourmand]

   It allows you to eat raw meat even when not hungry.
   It affects your strength (+4).
   It makes you more stealthy.
 O - an uncursed amulet of guardian spirit
 Q - a +5 ring of protection
 R - an uncursed ring of wizardry
 S - a +6 ring of strength (right scythe-like blade)
 T - an uncursed ring of fire
 W - a +4 ring of strength (left scythe-like blade)
Wands
 n - a wand of random effects (63)
 s - a wand of flame (33)
 y - a wand of disintegration (26)
 H - a wand of acid (37)
 P - a wand of clouds (8)
 U - a wand of iceblast (9)
 V - a wand of digging (7)
Scrolls
 e - 5 scrolls of enchant armour
 i - a scroll of immolation
 j - 7 scrolls of teleportation
 l - 3 scrolls of fear
 p - 7 scrolls of remove curse
 x - 5 scrolls of magic mapping
 C - a scroll of fog
 F - 7 scrolls of amnesia
 I - a scroll of enchant weapon
 L - a scroll of blinking
 X - 2 scrolls of identify
Potions
 b - 4 potions of magic
 f - a potion of heal wounds
 g - 4 potions of brilliance
 h - 3 potions of flight
 k - 2 potions of resistance
 q - 4 potions of mutation
 r - 3 potions of ambrosia
 t - 6 potions of curing
 v - 2 potions of stabbing
 w - 9 potions of lignification
 A - 4 potions of invisibility
 B - a potion of berserk rage
 E - 2 potions of cancellation
 J - a potion of haste
 K - 2 potions of might
Comestibles
 c - 46 rations


   Skills:
 + Level 12.7 Fighting
 + Level 6.7 Dodging
 * Level 16.5 Unarmed Combat
 + Level 11.4 Spellcasting
 + Level 12.1 Transmutations


You had 21 spell levels left.
You knew the following spells:

 Your Spells              Type           Power        Failure   Level  Hunger
a - Beastly Appendage     Tmut           #####.       6%          1    None
b - Sticks to Snakes      Tmut           #####...     7%          2    None
c - Spider Form           Tmut/Pois      ####......   21%         3    None
d - Ice Form              Ice/Tmut       ####....     36%         4    ###....
e - Blade Hands           Tmut           #####.....   19%         5    #####..

Your spell library contained the following spells:

 Spells                   Type           Power        Failure   Level  Hunger
 Passwall                 Tmut/Erth      ####....     16%         2    None
 Petrify                  Tmut/Erth      ####....     36%         4    ###....
 Sandblast                Erth           #.....       41%         1    None
 Shock                    Conj/Air       #...         41%         1    None
 Summon Small Mammal      Summ           #...         41%         1    None
 Call Imp                 Summ           #.......     50%         2    None
 Swiftness                Chrm/Air       #.......     50%         2    None
 Call Canine Familiar     Summ           #.......     67%         3    None
 Recall                   Summ/Tloc      N/A          67%         3    None
 Static Discharge         Conj/Air       #.......     67%         3    None
 Stone Arrow              Conj/Erth      #.....       67%         3    None
 Summon Guardian Golem    Hex/Summ       #.......     67%         3    None
 Airstrike                Air            #.........   92%         4    ###....
 Animate Dead             Necr           N/A          92%         4    ###....
 Summon Ice Beast         Ice/Summ       #.......     92%         4    ###....
 Summon Lightning Spire   Summ/Air       #.......     92%         4    ###....
 Borgnjor's Vile Clutch   Necr/Erth      #.........   99%         5    #####..
 Iskenderun's Battlesphe  Conj/Chrm      #.......     99%         5    #####..
 Lee's Rapid Deconstruct  Erth           #.........   99%         5    #####..
 Lightning Bolt           Conj/Air       #.........   99%         5    #####..
 Metabolic Englaciation   Hex/Ice        #.........   99%         5    #####..
 Death Channel            Necr           #.........   100%        6    ######.
 Freezing Cloud           Conj/Ice/Air   #.........   100%        6    ######.
 Iron Shot                Conj/Erth      #.........   100%        6    ######.
 Ozocubu's Refrigeration  Ice            #.........   100%        6    ######.
 Simulacrum               Ice/Necr       #.........   100%        6    ######.


Dungeon Overview and Level Annotations

Branches:
Dungeon (13/15)            Temple (1/1) D:6            Lair (6/6) D:11
  Swamp (0/4) Lair:4        Snake (0/4) Lair:4        Slime (0/5) Lair:6
    Orc (0/2) D:11         Vaults (0/5) D:13        Ossuary (visited)
 Bailey (visited)           IceCv (visited)

Altars:
Ashenzari
Cheibriados
Dithmenos
Elyvilon
Fedhas
Gozag
Hepliaklqana
Kikubaaqudgha
Makhleb
Nemelex Xobeh
Okawaru
Qazlal
Ru
Sif Muna
Trog
Uskayaw
Vehumet
Wu Jian
Xom
Yredelemnul
Zin
The Shining One
Jiyva

Shops:
D:4 (   D:10 ?

Annotations:
D:9 Erolcha


Innate Abilities, Weirdness & Mutations

You can walk through water.
Your dull iron-grey scales are very hard. (AC +14)
You cannot fit into any form of body armour.
You can survive without breathing.
You are cold-blooded and may be slowed by cold attacks.


Message History

You completely miss the vault guard simulacrum.
Your tail-slap misses the vault guard simulacrum.
You spin and attack the human.
You slash the human!
The human is moderately wounded.
You spin and attack the necromancer.
You slash the necromancer!
The necromancer is moderately wounded.
The human hits you with a +0 flail.
* * * LOW HITPOINT WARNING * * *
The vault guard simulacrum hits you but does no damage.
The necromancer casts a spell at you.
You easily resist.
Items here: ( )) [[[ You spin and attack the vault guard simulacrum.
You hit the vault guard simulacrum.
You tail-slap the vault guard simulacrum, but do no damage.
The vault guard simulacrum is lightly damaged.
The vault guard simulacrum hits you.
* * * LOW HITPOINT WARNING * * *
The vault guard simulacrum freezes you!!!
You die...

...#####....##..###### #
....##...............# #
....##.##'''########.# ##
.....#.#...†(#....[#.### ##)
.......#..†).'....!#...########)#
.......#..⌠†.'..⌠..#........#.)#.
.....#.#..†..).....#..........#..
.....#.#.%...#.....#......###....
....##.########Z@'##......###....
...###.# #p[...#....>..##....
..## #.#.....)pp...#.............
..# #.#..∩..'..⌠..#....#........
.#####.#.....'....[#...#...#.....
####...#.....#...!.#.###..##.....
###....#############. #.##......
#................ . #.. #......
.............#### #.# #......


You could see a necromancer (pinned), 2 humans and a vault guard simulacrum
(pinned).

Vanquished Creatures
  Gastronok (D:9)
  A frost giant (IceCv)
  A dire elephant (Lair:6)
  2 vault guards (D:13)
  Harold (D:7)
  A centaur warrior (D:13)
  2 catoblepae (Lair:6)
  9 hydras
  2 tengu warriors (D:11)
  8 two-headed ogres
  4 death yaks
  Urug (Lair:4)
  Nergalle (Lair:2)
  A wizard (D:13)
  An unseen horror (D:13)
  A lindwurm (Lair:6)
  A necromancer (D:13)
  2 manticores (Lair:6)
  2 ugly things (D:11)
  A cyclops (D:12)
  Maurice (D:8)
  4 black mambas (Lair:6)
  A torpor snail (Lair:6)
  2 elephants (Lair:6)
  An ice statue (IceCv)
  9 spiny frogs
  Maggie (D:6)
  6 komodo dragons
  3 yaktaurs
  A kobold demonologist (D:11)
  4 rime drakes
  A freezing wraith (D:11)
  A meliai (D:11)
  30 polar bears
  5 trolls
  3 blink frogs (Lair:2)
  7 hippogriffs
  16 dream sheep
  Sigmund (D:6)
  A shadow (D:11)
  49 yaks
  Grum (D:8)
  2 wyverns
  2 basilisks (D:11)
  3 chaos spawn (D:13)
  16 humans (D:13)
  Menkaure (D:6)
  4 wargs (Lair:6)
  Edmund (D:5)
  2 soldier ants (D:11)
  A swamp worm (Lair:4)
  15 water moccasins
  4 nagas (Lair:4)
  11 porcupines
  17 hell hounds (Lair:6)
  15 black bears
  4 orc warriors
  2 sky beasts
  A hornet zombie (D:8)
  10 ice beasts
  8 ogres
  7 necrophages
  3 phantoms
  39 wolves
  10 centaurs
  13 crocodiles
  An elf zombie (Ossuary)
  Blork the orc (D:5)
  5 big kobolds
  11 bullfrogs
  9 gnoll sergeants
  4 scorpions
  3 killer bees
  3 wights (D:11)
  5 electric eels
  2 howler monkeys
  8 crimson imps
  3 centaur skeletons
  5 bullfrog zombies
  5 hounds
  4 jellies
  12 centaur zombies
  6 orc priests
  7 bullfrog skeletons
  6 gnoll shamans (Bailey)
  A human zombie (Ossuary)
  5 iguanas
  Natasha (thrice) (D:3)
  5 orc wizards
  5 worker ants
  A big kobold zombie (Ossuary)
  4 mummies
  A hound skeleton (D:6)
  2 worker ant zombies
  25 gnolls
  6 adders
  4 shadow imps
  An adder skeleton (D:5)
  3 adder zombies
  5 worms
  2 dart slugs
  4 leopard geckos
  46 orcs
  2 ball pythons
  11 bats
  9 giant cockroaches
  10 goblins
  7 hobgoblins
  16 jackals
  21 kobolds
  5 quokkas
  5 frilled lizards
  A goblin zombie (Ossuary)
  4 hobgoblin zombies (Ossuary)
  3 jackal zombies (Ossuary)
  9 kobold zombies (Ossuary)
  12 orc zombies (Ossuary)
  11 rats
  A rat zombie (Ossuary)
  2 plants (Lair:6)
734 creatures vanquished.

Vanquished Creatures (others)
  A wolf (IceCv)
  A kobold (D:11)
  A fungus (Lair:1)
  19 plants
22 creatures vanquished.

Grand Total: 756 creatures vanquished

Notes
Turn   | Place    | Note
-------+----------+-------------------------------------------
     0 | D:1      | kae the Draconian Transmuter began the quest for the Orb.
     0 | D:1      | Reached XP level 1. HP: 16/16 MP: 3/3
   222 | D:1      | Reached XP level 2. HP: 15/23 MP: 3/5
   670 | D:1      | Reached XP level 3. HP: 25/28 MP: 4/6
   974 | D:1      | Found a shimmering altar of Xom.
  1100 | D:2      | Learned a level 2 spell: Sticks to Snakes
  1104 | D:2      | Learned a level 3 spell: Spider Form
  1173 | D:2      | Found a glowing silver altar of Zin.
  1901 | D:2      | Reached skill level 4 in Unarmed Combat
  1906 | D:2      | Reached XP level 4. HP: 32/35 MP: 1/7
  2977 | D:3      | Reached XP level 5. HP: 32/40 MP: 1/9
  3152 | D:3      | Noticed a +0 dagger
  3153 | D:3      | Noticed a +0 hand axe
  3164 | D:3      | Found a hide-covered altar of Uskayaw.
  3483 | D:3      | Noticed Natasha
  3495 | D:3      | Killed Natasha
  3739 | D:3      | Noticed Natasha
  3752 | D:3      | Killed Natasha
  3752 | D:3      | Reached skill level 5 in Unarmed Combat
  3829 | D:3      | Noticed Natasha
  3937 | D:3      | Killed Natasha
  4123 | D:3      | Found a hide-covered altar of Uskayaw.
  4311 | D:4      | Found a sand-covered staircase.
  4389 | Ossuary  | Entered an ossuary
  4453 | Ossuary  | Reached XP level 6. HP: 38/47 MP: 10/10
  5705 | D:4      | Your scales start taking on a dull iron-grey colour.
  5705 | D:4      | Reached XP level 7. HP: 45/55 MP: 9/12
  5705 | D:4      | Gained mutation: You can survive without breathing. [Grey
                  | Draconian growth]
  5765 | D:4      | Found a blossoming altar of Fedhas.
  5829 | D:4      | Reached skill level 6 in Unarmed Combat
  5938 | D:4      | Found Reidghut's Weapon Emporium.
  5945 | D:4      | Learned a level 4 spell: Ice Form
  6947 | D:5      | Entered Level 5 of the Dungeon
  7001 | D:5      | Noticed Blork the orc
  7016 | D:5      | Killed Blork the orc
  7131 | D:5      | Found a white marble altar of Elyvilon.
  7186 | D:5      | Reached XP level 8. HP: 60/63 MP: 14/14
  7314 | D:5      | Reached skill level 7 in Unarmed Combat
  7613 | D:5      | Reached skill level 5 in Transmutations
  7637 | D:5      | Noticed Edmund
  7646 | D:5      | Killed Edmund
  8040 | D:6      | Noticed Sigmund
  8185 | D:6      | Killed Sigmund
  8185 | D:6      | Reached skill level 5 in Spellcasting
  8304 | D:6      | Found a burning altar of Makhleb.
  8336 | D:6      | Reached skill level 8 in Unarmed Combat
  8455 | D:6      | Found a staircase to the Ecumenical Temple.
  8494 | Temple   | Entered the Ecumenical Temple
  9064 | D:6      | Noticed Maggie
  9078 | D:6      | Killed Maggie
  9078 | D:6      | Reached skill level 5 in Fighting
  9078 | D:6      | Reached XP level 9. HP: 73/73 MP: 17/17
  9307 | D:6      | Noticed Menkaure
  9315 | D:6      | Learned a level 5 spell: Blade Hands
  9318 | D:6      | Killed Menkaure
  9357 | D:6      | Reached skill level 9 in Unarmed Combat
  9607 | D:7      | Found an ornate altar of the Wu Jian Council.
  9648 | D:7      | Became a worshipper of the Wu Jian Council
  9661 | D:7      | Found an opulent altar of Gozag.
  9846 | D:7      | Found a flagged portal.
  9855 | Bailey   | Entered a bailey
  9876 | Bailey   | Reached * piety under Wu Jian
 11964 | D:7      | Found a radiant altar of Vehumet.
 12142 | D:7      | Noticed Harold
 12152 | D:7      | Killed Harold
 12152 | D:7      | Reached ** piety under Wu Jian
 12152 | D:7      | Reached skill level 10 in Unarmed Combat
 12152 | D:7      | Reached XP level 10. HP: 65/83 MP: 18/19
 12210 | D:7      | Found a shimmering altar of Xom.
 12211 | D:7      | Found a hazy altar of Hepliaklqana.
 12987 | D:8      | Found a shadowy altar of Dithmenos.
 13001 | D:8      | Noticed Grum
 13028 | D:8      | Killed Grum
 13526 | D:8      | Noticed Maurice
 13538 | D:8      | Killed Maurice
 13760 | D:9      | Found a snail-covered altar of Cheibriados.
 13826 | D:9      | Noticed Gastronok
 13842 | D:9      | Killed Gastronok
 13842 | D:9      | Reached skill level 11 in Unarmed Combat
 13842 | D:9      | Reached XP level 11. HP: 56/93 MP: 22/22
 13881 | D:9      | Found a sparkling altar of Nemelex Xobeh.
 14249 | D:9      | Noticed a two-headed ogre
 14255 | D:9      | Killed a two-headed ogre
 14347 | D:9      | Reached *** piety under Wu Jian
 15129 | D:9      | Noticed Erolcha
 15153 | D:10     | Entered Level 10 of the Dungeon
 15153 | D:10     | Noticed a two-headed ogre
 15160 | D:10     | Killed a two-headed ogre
 15186 | D:10     | Reached skill level 12 in Unarmed Combat
 15456 | D:10     | Found Lodabub's Magic Scroll Shoppe.
 15464 | D:10     | Bought a scroll of identify for 22 gold pieces
 15464 | D:10     | Bought a scroll of identify for 22 gold pieces
 15464 | D:10     | Bought a scroll of identify for 22 gold pieces
 15516 | D:10     | Noticed a two-headed ogre
 15523 | D:10     | Killed a two-headed ogre
 15771 | D:10     | Reached **** piety under Wu Jian
 16345 | D:11     | Found a staircase to the Orcish Mines.
 16449 | D:11     | Found a staircase to the Lair.
 16920 | D:11     | Noticed an eight-headed hydra
 17108 | D:11     | Killed an eight-headed hydra
 17108 | D:11     | Reached XP level 12. HP: 53/102 MP: 24/24
 17563 | D:11     | Noticed a tengu warrior
 17580 | D:11     | Killed a tengu warrior
 17580 | D:11     | Reached skill level 13 in Unarmed Combat
 17679 | D:11     | Noticed a two-headed ogre
 17702 | D:11     | Killed a two-headed ogre
 18169 | D:11     | Noticed a tengu warrior
 18172 | D:11     | Reached ***** piety under Wu Jian
 18188 | D:11     | Killed a tengu warrior
 18188 | D:11     | Reached skill level 10 in Fighting
 18209 | D:11     | Noticed a two-headed ogre
 18232 | D:11     | Killed a two-headed ogre
 18429 | D:11     | Reached skill level 10 in Transmutations
 18429 | D:11     | Noticed a two-headed ogre
 18433 | D:11     | Killed a two-headed ogre
 18527 | D:11     | Identified the Papyrus of Damaging Earth
 18806 | Lair:1   | Entered Level 1 of the Lair of Beasts
 19576 | Lair:1   | Reached skill level 14 in Unarmed Combat
 19595 | Lair:1   | Reached XP level 13. HP: 92/112 MP: 26/26
 20115 | Lair:2   | HP: 6/134 [eight-headed hydra (6)]
 20187 | Lair:2   | Found a frozen archway.
 20351 | IceCv    | Entered an ice cave
 20933 | IceCv    | Reached skill level 10 in Spellcasting
 21426 | IceCv    | Reached ****** piety under Wu Jian
 21713 | IceCv    | Noticed a frost giant
 22168 | IceCv    | Killed a frost giant
 22598 | IceCv    | Got a clouded ruby amulet
 22773 | IceCv    | Identified the amulet "Wauttenk" {Gourm Str+4 Stlth+} (You
                  | found it in an ice cave)
 22888 | Lair:2   | Noticed Nergalle
 22897 | Lair:2   | Killed Nergalle
 23410 | Lair:2   | Reached skill level 15 in Unarmed Combat
 24177 | Lair:3   | Reached XP level 14. HP: 112/124 MP: 28/28
 24682 | Lair:4   | Found a staircase to the Snake Pit.
 25159 | Lair:4   | Found a dark tunnel.
 25190 | Lair:4   | Noticed Urug
 25208 | Lair:4   | Killed Urug
 25739 | Lair:4   | Found a staircase to the Swamp.
 25986 | Lair:5   | Reached skill level 5 in Dodging
 26593 | Lair:6   | Entered Level 6 of the Lair of Beasts
 28202 | Lair:6   | Reached skill level 16 in Unarmed Combat
 28540 | Lair:6   | Found a viscous altar of Jiyva.
 28540 | Lair:6   | Found a staircase to the Slime Pits.
 29198 | Lair:6   | Reached XP level 15. HP: 114/134 MP: 24/30
 30299 | D:13     | Found a shimmering altar of Xom.
 30307 | D:13     | Found the +7 mace of Variability {chain chaos}
 30802 | D:13     | Found a gate to the Vaults.
 30823 | D:13     | Mangled by a vault guard simulacrum

Levels and vault maps discovered:
D:1:      scummos_arrival_gate, layout_rooms, dk_noncrumbling_4,
          xom_teletrap_fun
D:2:      layout_basic, zin_academy, first_ration, minmay_divided_ellipse
D:3:      layout_rooms, dancing_weapons_uskayaw, st_stairs_5, uniq_natasha
D:4:      layout_loops_cross, fedhas_ov_isle_minmay, gup_ossuary_entry_pyramid,
          serial_shops, nicolae_shop_trees, grunt_ministairs_3
D:5:      layout_basic, old_standard_altar, nrook_campfire, uniq_blork_the_orc,
          uniq_edmund
D:6:      layout_gridville, lemuel_crystal_altar,
          minmay_temple_entry_stoned_glass, grunt_decor_resistance,
          uniq_sigmund, uniq_menkaure, uniq_maggie
D:7:      layout_gridville, regret_index_temple_of_mockery, fiery_altar_vehumet,
          overflow_temple_1_default, grunt_gozag_breadcrumbs,
          lightli_bailey_entry_fortress, uniq_harold
D:8:      layout_rooms, nicolae_overflow_crystal_walls, grunt_ogre_cave,
          minmay_fractal_squares_diagonal_5, uniq_maurice, uniq_grum
D:9:      layout_stronghold, nemelex_altar_shiori, kennysheep_little_box,
          serial_bayou, serial_bayou_lake_a, serial_bayou_ford_a,
          serial_bayou_shore_b, serial_bayou_lagoon_a, minmay_misc_feat_doors,
          uniq_erolcha, uniq_gastronok
D:10:     layout_irregular_city, serial_shops, shop_statue
D:11:     minmay_the_grid_triangle_9x9_recursive_3_mashed
          [minmay_the_grid_triangle_9x9_wacky_v,
          minmay_the_grid_triangle_9x9_skeleton,
          minmay_the_grid_triangle_9x9_stretched_checkered,
          minmay_the_grid_triangle_9x9_prize_schism,
          minmay_the_grid_triangle_9x9_semitri,
          minmay_the_grid_triangle_9x9_intruding_spiral,
          minmay_the_grid_triangle_9x9_corrupted_corridor,
          minmay_the_grid_triangle_9x9_negative_grid,
          minmay_the_grid_triangle_9x9_steps], layout_cave_pools,
          minmay_lair_entry_grove, serial_undead, serial_undead_a,
          serial_undead_f, serial_undead_e, serial_undead_e, solitary_fountain
D:12:     layout_roguey
D:13:     layout_cave_pods, grunt_vaults_entry_tiered,
          minmay_guarded_unrand_variability
Temple:   jpeg_temple_island
Lair:1:   layout_loops_ring, minmay_holes
Lair:2:   layout_layer_cave, portal_ice_cave_entry_ice_beasts,
          lemuel_fruit_fields, infiniplex_staircase_pool, lemuel_fruit_fields,
          uniq_nergalle
Lair:3:   layout_roguey, minivault_27
Lair:4:   layout_cave_pods, palyth_hydra_swamp_entry,
          minmay_snake_entry_guardpost_medium, nicolae_volcano_entry_s_turn,
          st_stairs_13, uniq_urug
Lair:5:   layout_gridlike, lookout_lair_type
Lair:6:   hangedman_lair_caniforms_friends, layout_regular_city,
          hangedman_lair_in_review, dpeg_slime_entry_enclosed_altar

Skill      XL: |  1  2  3  4  5  6  7  8  9 10 11 12 13 14 15 |
---------------+----------------------------------------------+-----
Unarmed Combat | 4 5 6 8 10 11 12 14 15 16 | 16.5
Transmutations | 3 4 5 7 8 9 10 11 12 | 12.1
Spellcasting   | 3 4 5 6 7 8 9 10 11 | 11.4
Fighting       | 2 3 5 6 7 9 10 11 12 | 12.7
Dodging        | 2 4 6 |  6.7

Action                   |  1- 3 |  4- 6 |  7- 9 | 10-12 | 13-15 || total
-------------------------+-------+-------+-------+-------+-------++-------
Melee: Unarmed           |   153 |   333 |   412 |   652 |   819 ||  2369
       Tailslap          |    17 |    29 |    12 |    66 |    98 ||   222
       Headbutt          |     8 |     2 |    13 |     1 |       ||    24
       Kick              |    10 |    11 |    12 |     3 |     1 ||    37
       Punch             |     2 |     6 |     2 |    35 |    42 ||    87
 Cast: Beastly Appendage |    24 |     6 |    16 |     3 |     1 ||    50
       Spider Form       |     3 |    14 |    40 |     7 |       ||    64
       Sticks to Snakes  |       |     1 |       |       |       ||     1
       Blade Hands       |       |       |     2 |    32 |    64 ||    98
       Ice Form          |       |       |     1 |     1 |    12 ||    14
Invok: Lunge             |       |       |    36 |    47 |    53 ||   136
       Whirlwind         |       |       |       |    16 |    29 ||    45
 Abil: End Transformatio |       |       |     3 |       |     2 ||     5
       Wall Jump         |       |       |       |       |     2 ||     2
Evoke: Wand              |       |       |       |     8 |     4 ||    12
  Use: Scroll            |     4 |    10 |    10 |     8 |    14 ||    46
       Potion            |       |       |     2 |       |     4 ||     6
 Stab: Sleeping          |     1 |     3 |     1 |     4 |     8 ||    17
       Distracted        |       |       |       |     2 |       ||     2
  Eat: Chunk             |     3 |    10 |    17 |    34 |    54 ||   118
       Ration            |       |     2 |     2 |       |     1 ||     5
Armor: Skin              |    59 |    70 |    54 |   161 |   245 ||   589
Dodge: Dodged            |   133 |   205 |   253 |   297 |   399 ||  1287
Block: Other             |       |       |    46 |    73 |    42 ||   161
       Buckler           |       |       |     9 |     2 |       ||    11
       Reflection        |       |       |     2 |     5 |       ||     7

Table legend:
 A = Non-vault XP
 B = Vault XP
 C = Vault XP percentage of total XP
 D = Non-vault monster count
 E = Vault monster count
 F = Vault count percentage of total count
                 A         B        C        D         E       F
            +---------+---------+-------+---------+---------+-------
      Total |   50366 |   68785 |  57.7 |     390 |     343 |  46.8
            +---------+---------+-------+---------+---------+-------
        D:1 |      46 |       0 |   0.0 |      25 |       0 |   0.0
        D:2 |      48 |      33 |  40.7 |      19 |      11 |  36.7
        D:3 |     184 |      40 |  17.9 |      29 |       5 |  14.7
        D:4 |     321 |      21 |   6.1 |      13 |       1 |   7.1
        D:5 |     789 |     261 |  24.9 |      15 |       2 |  11.8
        D:6 |     984 |     798 |  44.8 |      18 |       3 |  14.3
        D:7 |     518 |    1049 |  66.9 |      17 |      13 |  43.3
        D:8 |    1215 |    1241 |  50.5 |      23 |       9 |  28.1
        D:9 |    2507 |    2421 |  49.1 |      23 |       1 |   4.2
       D:10 |    4279 |       0 |   0.0 |      31 |       0 |   0.0
       D:11 |    4077 |   11538 |  73.9 |      26 |      54 |  67.5
       D:12 |    3484 |       0 |   0.0 |      15 |       0 |   0.0
       D:13 |    4268 |    7674 |  64.3 |      21 |      25 |  54.3
     Lair:1 |    4469 |       0 |   0.0 |      22 |       0 |   0.0
     Lair:2 |    7000 |    1831 |  20.7 |      28 |       9 |  24.3
     Lair:3 |    4703 |       0 |   0.0 |      22 |       0 |   0.0
     Lair:4 |    2038 |    4515 |  68.9 |       9 |      11 |  55.0
     Lair:5 |    3127 |       0 |   0.0 |      12 |       0 |   0.0
     Lair:6 |    6309 |   21687 |  77.5 |      22 |      77 |  77.8
    Ossuary |       0 |     326 | 100.0 |       0 |      38 | 100.0
     Bailey |       0 |    1212 | 100.0 |       0 |      30 | 100.0
      IceCv |       0 |   14138 | 100.0 |       0 |      54 | 100.0
            +---------+---------+-------+---------+---------+-------
